 Dungeon Crawl Stone Soup version 0.25-a0-346-g140ab784a8 (webtiles) character file.

Game seed: 4950388302020500535, levelgen mode: deterministic

83 BritishOli the Slasher (level 4, 34/34 HPs)
             Began as a Demonspawn Gladiator on Dec 31, 2019.
             Got out of the dungeon alive.
             The game lasted 00:01:20 (1428 turns).

BritishOli the Slasher (Demonspawn Gladiator)       Turns: 1428, Time: 00:01:21

Health: 34/34      AC:  3    Str: 15    XL:     4   Next: 22%
Magic:  4/4        EV: 13    Int:  9    God:
Gold:   36         SH:  0    Dex: 15    Spells: 3/3 levels left

rFire    . . .     SeeInvis .   a - +0 long sword
rCold    . . .     Gourm    .   (no shield)
rNeg     . . .     Faith    .   b - +0 leather armour
rPois    .         Spirit   .   (helmet restricted)
rElec    .         Reflect  .   (no cloak)
rCorr    .         Harm     .   (no gloves)
MR       .....                  (no boots)
Stlth    ++........             (no amulet)
HPRegen  0.11/turn              (no ring)
MPRegen  0.09/turn              (no ring)

@: no status effects
A: claws 1, horns 1, nightstalker 1
a: no special abilities


You escaped.
You were hungry.

You visited 1 branch of the dungeon, and saw 2 of its levels.

You collected 36 gold pieces.

Inventory:

Hand Weapons
 a - a +0 long sword (weapon)
Missiles
 d - 3 throwing nets (quivered)
Armour
 b - a +0 leather armour (worn)
 c - a +0 helmet
Jewellery
 l - a +6 ring of protection {unknown}
Scrolls
 i - 2 scrolls of remove curse {unknown}
 j - a scroll of fog {unknown}
 n - a scroll of teleportation {unknown}
 o - 2 scrolls of identify {unknown}
Potions
 e - a potion of curing {unknown}
 g - a potion of cancellation {unknown}
 h - a potion of might {unknown}
 k - 2 potions of lignification {unknown}
 m - a potion of heal wounds {unknown}
Comestibles
 f - a ration


   Skills:
 + Level 2.4 Fighting
 + Level 3.6 Long Blades
 + Level 1.9 Throwing
 + Level 0.5 Armour
 + Level 3.4 Dodging


You had 3 spell levels left.
You didn't know any spells.
Your spell library was empty.

Dungeon Overview and Level Annotations

Branches:
Dungeon (2/15)

Altars:


Innate Abilities, Weirdness & Mutations

You have sharp fingernails.
You have a pair of small horns on your head.
You are slightly more attuned to the shadows.


Message History

You climb upwards.
There is a stone staircase leading down here.
(D) Dungeon
Where to? (Enter - D:1, ? - help)
Okay, then.
Press: ? - help, v - describe, . - travel The floor.
There are no items here.
There are no items here.
You are feeling hungry.
There are no items here.
You see here a +0 whip.
HP restored.
There are no items here.
You see here a dagger.
There is an open gate here.
There is an open door here.
There is a staircase leading out of the dungeon here.
Are you sure you want to leave the Dungeon?
This will make you lose the game!
You have escaped!

#.# ####..).............#
#.######♣♣......♣♣#'''#♣♣...♣#
#.........(...♣♣###...###♣♣.♣
###..........♣♣ #.......# ♣♣♣
#.......♣.♣####..8.8..####
#♣......♣###..#.......#..###
♣♣...♣♣♣#....#.8...8.'....#
♣....♣ #....#...⌠...#....#
♣♣.⌠♣♣ #.@..'.8...8.#..⌠.#
♣♣..♣ #....#.......#....# ♣♣♣♣
###################


There were no monsters in sight!

Vanquished Creatures
  Terence (D:2)
  A gnoll (D:1)
  2 adders
  An ooze (D:1)
  A leopard gecko (D:1)
  3 goblins
  5 hobgoblins
  4 bats
  A frilled lizard (D:1)
  5 kobolds
  A rat (D:1)
25 creatures vanquished.

Notes
Turn   | Place    | Note
-------+----------+-------------------------------------------
     0 | D:1      | BritishOli the Demonspawn Gladiator began the quest for the
                  | Orb.
     0 | D:1      | Reached XP level 1. HP: 16/16 MP: 1/1
   200 | D:1      | Gained mutation: You have a pair of small horns on your
                  | head. [demonic ancestry]
   200 | D:1      | Reached XP level 2. HP: 14/22 MP: 2/2
   563 | D:1      | Gained mutation: You have sharp fingernails. [demonic
                  | ancestry]
   563 | D:1      | Reached XP level 3. HP: 15/27 MP: 3/3
  1278 | D:2      | Noticed Terence
  1291 | D:2      | Killed Terence
  1291 | D:2      | Gained mutation: You are slightly more attuned to the
                  | shadows. [demonic ancestry]
  1291 | D:2      | Reached XP level 4. HP: 25/34 MP: 4/4
  1428 | D:$      | Got out of the dungeon alive.

Levels and vault maps discovered:
D:1:      sevenhm_arrival_forest_fort_large_2, layout_basic,
          minmay_misc_feat_enclosed
D:2:      layout_basic, uniq_terence, uniq_crazy_yiuf_cottage

Skill      XL: |  1  2 |
---------------+-------+-----
Dodging        | 3 |  3.4
Long Blades    | 3 |  3.6
Fighting       | |  2.4
Throwing       | |  1.9
Armour         | |  0.5

Action                   |  1- 3 |  4- 6 || total
-------------------------+-------+-------++-------
Melee: Long sword        |    67 |       ||    67
       Headbutt          |     8 |       ||     8
  Eat: Chunk             |     1 |       ||     1
Armor: Leather armour    |    21 |       ||    21
Dodge: Dodged            |    74 |       ||    74
       Rpst.: Long sword |    21 |       ||    21

Table legend:
 A = Non-vault XP
 B = Vault XP
 C = Vault XP percentage of total XP
 D = Non-vault monster count
 E = Vault monster count
 F = Vault count percentage of total count
                 A         B        C        D         E       F
            +---------+---------+-------+---------+---------+-------
      Total |      83 |      36 |  30.3 |      24 |       1 |   4.0
            +---------+---------+-------+---------+---------+-------
        D:1 |      59 |       0 |   0.0 |      17 |       0 |   0.0
        D:2 |      24 |      36 |  60.0 |       7 |       1 |  12.5
            +---------+---------+-------+---------+---------+-------
